Map: Orbital Shipyard

Players

HuK

  • Race: Protoss Protoss
  • League: Grandmaster

PartinG - Winner!

  • Race: Protoss Protoss

Event: DreamHack ROCCAT LotV Championship

VOD

Have the link to the VOD?

Description

Time

  • Played on: Nov. 26, 2015, 10:59 a.m.
  • Length: 12:23

All games in this series

Show
View Real Time Build Order
Export as new Build Order

HuK Protoss 

Build Orders: Blink Stalkers, Dark Templar Rush 

Get SALT Encoding   

  12  0:00  Probe (Chrono Boost)  
  13  0:11  Probe (Chrono Boost)  
  14  0:17  Pylon  
  14  0:22  Probe (Chrono Boost)  
  16  0:35  Probe (Chrono Boost)  
  16  0:36  Gateway  
  16  0:44  Assimilator  
  16  0:46  Probe (Chrono Boost)  
  17  0:52  Assimilator  
  17  0:56  Probe (Chrono Boost)  
  18  1:02  Pylon  
  18  1:07  Probe (Chrono Boost)  
  19  1:18  Probe (Chrono Boost)  
  20  1:23  Cybernetics Core  
  20  1:28  Probe (Chrono Boost)  
  21  1:39  Probe (Chrono Boost)  
  22  1:49  Probe (Chrono Boost)  
  23  1:56  Nexus  
  23  2:00  Mothership Core (Chrono Boost)  
  25  2:02  Warp Gate (Chrono Boost)  
  25  2:14  Twilight Council  
  25  2:18  Probe  
  26  2:30  Probe  
  26  2:32  Gateway  
  27  2:42  Probe (Chrono Boost)  
  28  2:52  Dark Shrine  
  28  2:55  Probe (Chrono Boost)  
  29  3:00  Robotics Facility  
  29  3:05  Probe (Chrono Boost)  
  29  3:11  Probe (Chrono Boost)  
  30  3:16  Probe (Chrono Boost)  
  31  3:22  Probe (Chrono Boost)  
  31  3:26  Probe (Chrono Boost)  
  33  3:29  Blink  
  33  3:32  Probe (Chrono Boost)  
  34  3:37  Probe (Chrono Boost), Assimilator  
  35  3:42  Probe (Chrono Boost)  
  35  3:46  Warp Prism (Chrono Boost)  
  35  3:47  Probe  
  39  3:51  Probe  
  39  3:54  Pylon  
  40  3:56  Assimilator  
  40  3:59  Probe  
  40  4:02  Probe  
  41  4:04  Forge  
  42  4:10  Pylon  
  42  4:11  Probe (Chrono Boost)  
  42  4:13  Probe (Chrono Boost)  
  44  4:20  Gateway  
  44  4:24  Gateway  
  44  4:26  Probe (Chrono Boost)  
  44  4:27  Probe (Chrono Boost)  
  46  4:32  Sentry  
  46  4:37  Protoss Ground Weapons Level 1 (Chrono Boost)  
  48  4:42  Probe (Chrono Boost)  
  50  4:49  Photon Cannon  
  50  4:51  Photon Cannon  
  50  4:54  Dark Templar  
  50  4:55  Dark Templar  
  50  4:58  Probe (Chrono Boost)  
  54  5:14  Probe  
  55  5:21  Stalker  
  55  5:22  Stalker, Robotics Bay  
  55  5:23  Stalker  
  61  5:28  Pylon  
  61  5:31  Pylon  
  61  5:38  Gateway  
  61  5:40  Gateway  
  61  5:41  Probe  
  62  5:52  Stalker x3  
  68  5:57  Stalker  
  70  6:08  Disruptor (Chrono Boost)  
  73  6:15  Nexus  
  73  6:24  Protoss Ground Weapons Level 2 (Chrono Boost)  
  73  6:25  Pylon  
  73  6:30  Probe x2  
  73  6:32  Gravitic Drive  
  75  6:37  Pylon  
  75  6:41  Dark Templar  
  75  6:44  Dark Templar  
  75  6:46  Probe  
  75  6:47  Probe  
  81  6:52  Disruptor  
  81  6:55  Pylon  
  81  6:58  Probe  
  77  7:23  Disruptor  
  77  7:24  Stalker  
  77  7:25  Stalker x2  
  77  7:26  Stalker x3  
  77  7:28  Probe  
  93  7:35  Probe  
  93  7:36  Probe  
  95  7:39  Probe  
  96  7:47  Gateway  
  96  7:48  Probe  
  96  7:50  Probe, Gateway  
  97  7:52  Probe  
  97  7:55  Assimilator  
  97  7:56  Gateway  
  99  7:59  Dark Templar x2, Assimilator  
  99  8:02  Observer  
  104  8:12  Probe  
  105  8:21  Stalker x2  
  105  8:22  Stalker x2, Protoss Ground Weapons Level 3 (Chrono Boost)  
  105  8:23  Probe  
  105  8:25  Disruptor  
  117  8:38  Pylon  
  117  8:40  Pylon  
  117  8:41  Pylon  
  117  8:42  Pylon, Photon Cannon  
  117  8:46  Pylon  
  117  8:50  Pylon  
  117  8:56  Disruptor  
  117  8:58  Stalker x3  
  117  8:59  Stalker  
  98  9:32  Stalker x7  
  98  9:33  Stalker x2  
  98  9:37  Disruptor  
  114  9:44  Pylon  
  102  9:56  Stalker x5  
  95  10:01  Stalker x2  
  95  10:05  Probe  
  98  10:19  Stalker x6  
  103  10:27  Stalker x2  
  104  10:29  Stalker  
  106  10:40  Mothership Core  
  103  10:51  Stalker x4  
  107  11:14  Stalker x3  
  107  11:15  Stalker  
  115  11:20  Stalker x2  
  77  12:02  Stalker x6  
  77  12:03  Stalker  
  76  12:09  Stalker  
Show
View Real Time Build Order
Export as new Build Order

PartinG Protoss - Winner!

Build Orders: Nexus First, Blink Stalkers 

Get SALT Encoding   

  12  0:00  Probe (Chrono Boost)  
  13  0:11  Probe (Chrono Boost)  
  14  0:17  Pylon  
  14  0:22  Probe (Chrono Boost)  
  16  0:35  Probe (Chrono Boost)  
  16  0:46  Probe (Chrono Boost)  
  17  0:57  Nexus  
  17  1:07  Gateway  
  17  1:10  Probe (Chrono Boost)  
  18  1:17  Assimilator  
  18  1:20  Probe (Chrono Boost)  
  18  1:23  Assimilator  
  19  1:31  Probe (Chrono Boost)  
  20  1:42  Probe (Chrono Boost)  
  21  1:52  Probe (Chrono Boost)  
  22  1:55  Cybernetics Core  
  22  2:01  Pylon  
  22  2:03  Probe (Chrono Boost)  
  23  2:09  Probe (Chrono Boost)  
  23  2:13  Probe (Chrono Boost)  
  25  2:20  Probe (Chrono Boost)  
  26  2:24  Probe (Chrono Boost)  
  27  2:30  Probe (Chrono Boost)  
  27  2:31  Warp Gate  
  27  2:32  Stalker  
  27  2:35  Mothership Core (Chrono Boost)  
  32  2:41  Probe (Chrono Boost)  
  33  2:46  Pylon  
  34  2:51  Probe (Chrono Boost)  
  34  2:53  Probe (Chrono Boost)  
  35  3:02  Stalker, Probe (Chrono Boost)  
  35  3:03  Probe (Chrono Boost)  
  39  3:09  Robotics Facility  
  39  3:11  Twilight Council  
  39  3:14  Probe (Chrono Boost)  
  39  3:16  Probe (Chrono Boost)  
  41  3:21  Pylon  
  41  3:24  Probe (Chrono Boost)  
  41  3:26  Probe (Chrono Boost)  
  43  3:32  Stalker  
  45  3:35  Blink (Chrono Boost)  
  45  3:37  Probe x2 (Chrono Boost)  
  47  3:41  Pylon  
  47  3:46  Probe (Chrono Boost)  
  47  3:47  Probe (Chrono Boost)  
  49  3:59  Gateway x2  
  49  4:03  Observer (Chrono Boost)  
  49  4:04  Probe x2  
  49  4:06  Assimilator  
  49  4:09  Pylon, Assimilator  
  52  4:16  Pylon  
  52  4:22  Probe x2  
  54  4:25  Observer (Chrono Boost)  
  54  4:31  Nexus  
  55  4:33  Pylon  
  55  4:39  Stalker  
  55  4:41  Probe x2  
  55  4:44  Observer (Chrono Boost)  
  60  4:49  Gateway  
  60  4:51  Gateway  
  60  4:57  Gateway  
  60  5:00  Pylon  
  60  5:09  Warp Prism (Chrono Boost)  
  62  5:17  Pylon  
  62  5:18  Stalker, Forge  
  64  5:22  Stalker  
  66  5:33  Stalker  
  66  5:35  Probe (Chrono Boost)  
  70  5:36  Probe (Chrono Boost)  
  70  5:38  Observer (Chrono Boost)  
  71  5:51  Protoss Ground Weapons Level 1 (Chrono Boost), Photon Cannon  
  71  5:55  Probe x2 (Chrono Boost)  
  71  5:56  Probe (Chrono Boost)  
  74  5:58  Photon Cannon  
  74  5:59  Photon Cannon  
  74  6:11  Probe x2 (Chrono Boost)  
  75  6:13  Probe (Chrono Boost)  
  75  6:15  Robotics Bay  
  75  6:16  Pylon  
  75  6:26  Probe  
  75  6:27  Probe  
  75  6:28  Probe  
  75  6:29  Assimilator  
  75  6:30  Assimilator  
  78  6:35  Stalker x5  
  78  6:39  Probe, Pylon  
  89  6:40  Probe x2  
  91  6:50  Probe  
  91  6:52  Probe x2  
  94  6:55  Stalker  
  94  6:57  Disruptor  
  94  6:58  Gateway  
  94  6:59  Gateway  
  94  7:00  Pylon  
  96  7:04  Stalker, Probe  
  102  7:13  Stalker x3  
  100  7:18  Probe x2  
  98  7:23  Probe  
  98  7:28  Photon Cannon  
  99  7:30  Probe x2  
  99  7:34  Probe  
  99  7:36  Protoss Ground Weapons Level 2 (Chrono Boost)  
  102  7:40  Disruptor  
  102  7:42  Probe x2  
  104  7:44  Pylon  
  104  7:48  Probe  
  108  7:51  Pylon  
  108  7:54  Probe x2  
  108  7:55  Gateway  
  108  7:57  Robotics Facility  
  110  8:03  Probe  
  111  8:06  Probe x2  
  111  8:07  Photon Cannon  
  111  8:09  Pylon  
  113  8:15  Warp Prism (Chrono Boost)  
  113  8:18  Probe  
  116  8:28  Pylon  
  116  8:29  Stalker x5  
  116  8:30  Stalker  
  127  8:34  Probe  
  127  8:35  Probe  
  127  8:37  Dark Shrine  
  129  8:46  Nexus  
  129  8:50  Pylon  
  129  8:52  Disruptor (Chrono Boost)  
  132  8:57  Disruptor (Chrono Boost)  
  132  8:59  Gravitic Drive  
  135  9:07  Stalker x3  
  131  9:31  Stalker x7  
  135  9:32  Stalker  
  135  9:34  Stalker  
  149  9:39  Disruptor (Chrono Boost)  
  149  9:45  Photon Cannon  
  150  9:46  Photon Cannon  
  133  9:54  Stalker x3  
  133  9:55  Stalker  
  133  10:01  Stalker x2  
  133  10:05  Pylon  
  135  10:19  Stalker x3  
  131  10:27  Stalker x2  
  127  10:29  Dark Templar  
  129  10:36  Disruptor (Chrono Boost), Assimilator  
  129  10:40  Assimilator  
  129  10:41  Disruptor (Chrono Boost)  
  135  10:52  Stalker x5  
  135  10:56  Stalker x2  
  140  11:06  Stalker  
  140  11:07  Stalker  
  144  11:23  Stalker x4  
  144  11:24  Stalker  
  152  11:44  Stalker x4  
  145  11:56  Stalker  
  145  11:57  Stalker x4  
  139  12:17  Nexus  
  139  12:22  Dark Templar x2  

Tags
 
Add a new tag
Caveats
  • Supply blocks, unpowered buildings, or Contaminate may cause inaccurate times.
  • Supply counts are checked every 10 seconds.